AoeStats
← NachoFries4886

Nomad

510353543Analyzed
3v3 RM · 1d ago on Sep 30, 2026· 36m 29s· 6 players
Game mode
Random Map
Map size
210×210
Population
200
Speed
Normal
Resources
Standard
Victory
Conquest
Starting age
Dark Age
Ending age
Imperial Age
RankedLock teamsTeams togetherTeam positionsShared explorationLock speedFull tech treeHidden civsTurbo modeCheats
Victory
Defeat
🇬🇪 Italians · Georgia
1045
+13
🇱🇹 Japanese · Lithuania
971
+16
🇺🇸 Huns · United States
913
+20
🇩🇪 Varangians · Germany
1022
-18
🇩🇪 Wei · Germany
964
-16
🇩🇪 Armenians · Germany
948
-15
NachoFries4886
3:50 Loom
16:28 Feudal Age
17:53 Double-Bit Axe
21:40 Castle Age
22:06 Stone Mining
23:01 Crossbowman
dambo
4:55 Loom
6:18 Loom
8:43 Loom
15:26 Feudal Age
15:56 Town Watch
15:53 Fishing Lines
15:36 Man-at-Arms
16:09 Double-Bit Axe
16:17 Gold Mining
19:52 Wheelbarrow
19:59 Arson
25:07 Castle Age
24:31 Stone Mining
24:54 Forging
24:44 Scale Mail Armor
26:37 Stone Shaft Mining
26:16 Bow Saw
26:15 Squires
26:44 Medium Warships
26:57 Medium Warships
26:38 Gillnets
27:07 Pikeman
29:39 Fletching
30:18 Treadmill Crane
30:59 Ballistics
33:55 Thumb Ring
35:36 Padded Archer Armor
36:17 Clinker Construction
IgNi
10:06 Loom
16:23 Feudal Age
17:24 Double-Bit Axe
17:23 Horse Collar
20:55 Fletching
21:07 Gold Mining
23:38 Castle Age
23:24 Forging
24:00 Arson
23:44 Crossbowman
24:30 Thumb Ring
24:31 Pikeman
31:46 Gold Shaft Mining
31:53 Bodkin Arrow
31:59 Padded Archer Armor
32:44 Yasama
33:44 Guard Tower
35:54 Wheelbarrow
35:07 Town Watch
36:13 Ballistics
XBU Lord
3:06 Loom
13:52 Feudal Age
14:19 Man-at-Arms
15:54 Long Swordsman
16:20 Arson
19:07 Scale Mail Armor
22:31 Forging
27:28 Castle Age
27:51 Double-Bit Axe
27:52 Horse Collar
28:57 Iron Casting
28:43 Chain Mail Armor
29:32 Squires
28:54 Two-Handed Swordsman
30:11 Gambesons
36:18 Champion
Schoko4630
5:33 Loom
15:19 Feudal Age
16:05 Double-Bit Axe
18:35 Fishing Lines
23:01 Castle Age
21:35 Fletching
21:46 Padded Archer Armor
21:56 Scale Barding Armor
24:54 Wheelbarrow
24:42 Gillnets
30:31 Horse Collar
31:58 Bow Saw
35:46 Imperial Age
34:45 Ballistics
34:22 Murder Holes
Bollex
5:22 Loom
15:07 Feudal Age
16:33 Fishing Lines
19:07 Castle Age
18:31 Scale Barding Armor
19:05 Forging
19:08 Bloodlines
21:27 Gold Mining
25:06 Horse Collar
26:08 Husbandry
35:36 Vendel Legacy
Connection lost

Rejoining the realm…

Still unreachable

The connection could not be restored.

Session expired

The server has moved on; the page needs a fresh start.